[Event "Titled Tuesday Blitz December 7 2021"]
[White "Lewtak, Damian"]
[Black "Rodchenkov, Vitaly"]
[WhiteFideId "1141724"]
[BlackFideId "4152964"]
[WhiteElo "2203"]
[BlackElo "2337"]
[Result "1-0"]
[Round "07"]
[TimeControl "180+1"]
[Date "2021.12.07"]
[WhiteClock "0:00:52"]
[BlackClock "0:00:12"]

1. e4 c5 2. Nf3 d6 3. Bb5+ Nd7 4. Bxd7+ Bxd7 5. O-O e5 6. Re1 Nf6 7. c3 Be7 8. d4 Qc7 9. Bg5 O-O 10. Nbd2 Rfe8 11. dxe5 dxe5 12. Nc4 Bg4 13. Bxf6 Bxf6 14. Qd6 Rac8 15. Qxc7 Rxc7 16. Ne3 Be6 17. Nd5 Rd7 18. Nxf6+ gxf6 19. a3 Red8 20. h3 a5 21. Rac1 a4 22. c4 Rd3 23. Kf1 Bxh3 24. Ke2 Bg4 25. Rc3 Bxf3+ 26. gxf3 Rd2+ 27. Ke3 R8d4 28. b3 axb3 29. Rxb3 Ra2 30. Rg1+ Kf8 31. Rxb7 Rxa3+ 32. Ke2 Rxc4 33. Rb8+ Ke7 34. Rgg8 Ra2+ 35. Kf1 Rd4 36. Rge8+ Kd7 37. Red8+ Kc7 38. Rdc8+ Kd7 39. Rxc5 Rdd2 40. Rd5+ Rxd5 41. exd5 Rd2 42. Rb6 Ke7 43. Rb7+ Kf8 44. Rd7 f5 45. Ke1 Rd4 46. Ke2 f4 47. d6 Kg7 48. Kf1 Kf6 49. Rd8 Ke6 50. Rh8 Rxd6 51. Rxh7 Rd2 52. Rh8 f5 53. Re8+ Kf6 54. Rf8+ Kg6 55. Re8 Kf6 56. Ra8 e4 57. Rf8+ Kg6 58. fxe4 fxe4 59. Rxf4 Rd4 60. Ke2 Kg5 61. Rf8 Ra4 62. Ke3 Rb4 63. Rc8 Kf5 64. Rc5+ Ke6 65. Rh5 Ra4 66. Rg5 Rb4 67. Ra5 Kf6 68. Kf4 Rb2 69. Ra6+ Ke7 70. Ke3 Rb4 71. Rh6 Kf7 72. Rd6 Ke7 73. Rg6 Kf7 74. Rg4 Kf6 75. Rxe4 Rxe4+ 76. Kxe4 Ke6 77. Kf4 Kf6 78. f3 Kg7 79. Kg5 Kf7 80. Kf5 Kg7 81. Ke6 Kf8 82. Kf6 Kg8 83. f4 Kf8 84. f5 Ke8 85. Kg7 Ke7 86. f6+ 1-0


[Site "https://www.chess.com"]

[Event "Titled Tuesday Blitz December 7 2021"]
[White "Licznerski, Lukasz"]
[Black "Rozhkov, Viacheslav"]
[WhiteFideId "1179250"]
[BlackFideId "4181484"]
[WhiteElo "2403"]
[BlackElo "2324"]
[Result "1-0"]
[Round "07"]
[TimeControl "180+1"]
[Date "2021.12.07"]
[WhiteClock "0:01:21"]
[BlackClock "0:00:04"]

1. e4 c5 2. Nf3 d6 3. d4 cxd4 4. Nxd4 Nf6 5. Nc3 a6 6. Be2 e5 7. Nf3 Be7 8. Bg5 Be6 9. Bxf6 Bxf6 10. Nd5 Bxd5 11. Qxd5 Nc6 12. O-O O-O 13. Rfd1 Be7 14. Bc4 Rc8 15. c3 Kh8 16. Qd2 b5 17. Bd5 Qc7 18. a4 Na5 19. axb5 axb5 20. Qe2 Qb6 21. Ne1 Nc4 22. Nd3 Qc7 23. Nb4 Qc5 24. Ra6 Nb6 25. Bb3 g6 26. Rda1 Kg7 27. Ra7 Rc7 28. Rxc7 Qxc7 29. Qxb5 f5 30. Nc6 Ra8 31. Rxa8 Nxa8 32. Qd5 Qb8 33. Qf7+ 1-0


[Site "https://www.chess.com"]

[Event "Titled Tuesday Blitz December 7 2021"]
[White "Macovei, Andrei"]
[Black "Navalgund, Niranjan"]
[WhiteFideId "13904680"]
[BlackFideId "5030854"]
[WhiteElo "2410"]
[BlackElo "2290"]
[Result "1-0"]
[Round "07"]
[TimeControl "180+1"]
[Date "2021.12.07"]
[WhiteClock "0:02:07"]
[BlackClock "0:02:15"]

1. e4 e5 2. Nf3 Nc6 3. Bb5 a6 4. Ba4 Nf6 5. O-O Be7 6. Re1 b5 7. Bb3 d6 8. c3 O-O 9. h3 Nb8 10. d4 Nbd7 11. Nbd2 Bb7 12. Bc2 Re8 13. a4 Bf8 14. Bd3 b4 15. cxb4 exd4 16. Nxd4 d5 17. exd5 Rxe1+ 18. Qxe1 Bxb4 19. Nc6 Qe8 20. Qxe8+ Rxe8 21. Nxb4 Re1+ 22. Kh2 Nc5 23. Nf3 Re8 24. Bc2 a5 25. Nd3 Nce4 26. Bd2 Bxd5 27. Bxa5 c5 28. Bc3 c4 29. Nf4 Nxc3 30. bxc3 Bxf3 31. gxf3 1-0


[Site "https://www.chess.com"]

[Event "Titled Tuesday Blitz December 7 2021"]
[White "Madaminov, Mukhiddin"]
[Black "Budrewicz, Krzysztof"]
[WhiteFideId "14210703"]
[BlackFideId "1127950"]
[WhiteElo "1916"]
[BlackElo "2242"]
[Result "1-0"]
[Round "07"]
[TimeControl "180+1"]
[Date "2021.12.07"]
[WhiteClock "0:01:08"]
[BlackClock "0:01:26"]

1. d4 Nf6 2. Nc3 d5 3. Bf4 g6 4. e3 Bg7 5. h4 O-O 6. h5 gxh5 7. Nf3 Bg4 8. Be2 c5 9. Ne5 Bxe2 10. Qxe2 Nc6 11. dxc5 Rc8 12. O-O-O Qa5 13. Kb1 Qxc5 14. Rxh5 Nxe5 15. Bxe5 Nxh5 16. Qxh5 Qc6 17. Bxg7 Kxg7 18. Rxd5 h6 19. a3 Rfd8 20. Qg4+ Qg6 21. Qd4+ e5 22. Qxe5+ Qf6 23. Qxf6+ Kxf6 24. Kc1 Rxd5 25. Nxd5+ Ke5 26. Nf4 f5 27. Kd2 Rc6 28. a4 Rd6+ 29. Ke2 Rd8 30. c3 Rh8 31. Ng6+ 1-0


[Site "https://www.chess.com"]

[Event "Titled Tuesday Blitz December 7 2021"]
[White "Makarian, Rudik"]
[Black "Kislinsky, Alexey"]
[WhiteFideId "44105681"]
[BlackFideId "14108801"]
[WhiteElo "2486"]
[BlackElo "2335"]
[Result "0-1"]
[Round "07"]
[TimeControl "180+1"]
[Date "2021.12.07"]
[WhiteClock "0:01:17"]
[BlackClock "0:00:34"]

1. f4 g6 2. g3 Bg7 3. Bg2 c5 4. Nf3 Nc6 5. O-O f5 6. Nc3 Nf6 7. d3 d6 8. e4 O-O 9. exf5 Bxf5 10. h3 Kh8 11. g4 Be6 12. Bd2 Bg8 13. Qe2 Rc8 14. Kh1 Nd4 15. Qd1 b6 16. Ne2 Nxf3 17. Bxf3 Bd5 18. Ng3 Bxf3+ 19. Qxf3 Qd7 20. Bc3 c4 21. Rae1 cxd3 22. Qxd3 Rc5 23. Bd4 Rd5 24. g5 Qxh3+ 25. Kg1 Rxd4 26. Qxd4 Qxg3+ 27. Kh1 Qh3+ 28. Kg1 Ng4 29. Qd3 Qh2# 0-1


[Site "https://www.chess.com"]

[Event "Titled Tuesday Blitz December 7 2021"]
[White "Maksimovic, Bojan"]
[Black "Rangel, Daniel"]
[WhiteFideId "14408120"]
[BlackFideId "2124475"]
[WhiteElo "2458"]
[BlackElo "2187"]
[Result "0-1"]
[Round "07"]
[TimeControl "180+1"]
[Date "2021.12.07"]
[WhiteClock "0:00:27"]
[BlackClock "0:00:43"]

1. e4 c6 2. d4 d5 3. Nc3 dxe4 4. Nxe4 Nf6 5. Nxf6+ exf6 6. c3 Bd6 7. Bd3 O-O 8. Qc2 Re8+ 9. Ne2 h5 10. O-O h4 11. h3 Nd7 12. Bd2 Nf8 13. Rae1 Be6 14. f4 Rc8 15. f5 Bd7 16. Qd1 c5 17. d5 b5 18. Nf4 c4 19. Be4 Qb6+ 20. Kh1 Re7 21. Qg4 Bxf4 22. Bxf4 Rce8 23. Bh6 g6 24. Qxh4 Bxf5 25. Bxf5 Rxe1 26. Rxe1 Rxe1+ 27. Qxe1 gxf5 28. Qe8 Qd6 29. Qxf8+ Qxf8 30. Bxf8 Kxf8 31. h4 a5 32. h5 b4 33. d6 a4 34. cxb4 a3 35. bxa3 c3 36. d7 Ke7 0-1


[Site "https://www.chess.com"]

[Event "Titled Tuesday Blitz December 7 2021"]
[White "Malka, Samuel"]
[Black "Tanenbaum, Zachary"]
[WhiteFideId "20643675"]
[BlackFideId "2060850"]
[WhiteElo "2457"]
[BlackElo "2168"]
[Result "0-1"]
[Round "07"]
[TimeControl "180+1"]
[Date "2021.12.07"]
[WhiteClock "0:00:07"]
[BlackClock "0:00:07"]

1. d4 d5 2. c4 dxc4 3. e4 c5 4. d5 e6 5. Nc3 exd5 6. exd5 Bd6 7. Bxc4 a6 8. a4 Nf6 9. Nge2 O-O 10. O-O Bf5 11. Bg5 h6 12. Bh4 Nbd7 13. Qd2 Ne4 14. Nxe4 Bxh2+ 15. Kxh2 Qxh4+ 16. Kg1 Bxe4 17. Qf4 Qxf4 18. Nxf4 Nb6 19. b3 Rad8 20. a5 Nxd5 21. Rfe1 Nxf4 22. Rxe4 Ng6 23. Rae1 Rd2 24. f4 Nh4 25. R1e2 Rd1+ 26. Kf2 Nf5 27. Re5 g6 28. Rxc5 h5 29. Rc7 Ra1 30. b4 Nd6 31. Bd5 Rb1 32. Bxb7 Rxb4 33. Bxa6 Rxf4+ 34. Kg3 Ra4 35. Re5 Ra8 36. Rc6 Nf5+ 37. Kf2 Kg7 38. Bc4 R4xa5 39. Rxa5 Rxa5 40. Rc7 Nd6 41. Be2 Rf5+ 42. Bf3 g5 43. Kg3 Kg6 44. Rc6 Rf6 45. Rc5 h4+ 46. Kh3 Kg7 47. Bg4 Kg6 48. Bf3 Ne8 49. Be4+ Kh6 50. Bc2 Ng7 51. Rc8 Ne6 52. Rh8+ Kg7 53. Rh7+ Kf8 54. Rh8+ Ke7 55. Ra8 Rf4 56. Ra5 Kf6 57. g3 hxg3 58. Kxg3 Rd4 59. Rf5+ Ke7 60. Bb3 f6 61. Rf3 Nf4 62. Re3+ Kd6 63. Bc2 Rc4 64. Bf5 Rc3 65. Rxc3 Ne2+ 66. Kg4 Nxc3 67. Bd3 Ke5 68. Bc2 Nd5 69. Kg3 Ne3 70. Bd3 f5 71. Kf3 Nd5 72. Bc4 Nf6 73. Bd3 g4+ 74. Kg3 Ne4+ 75. Kg2 Kf4 76. Be2 Nf6 77. Kf2 Kg5 78. Kg2 f4 79. Kf2 Ne4+ 80. Kg2 Kf5 81. Bd1 Ng5 82. Bc2+ Ke5 83. Kf2 Ne4+ 84. Kg2 Kd4 85. Bd1 Nf6 86. Bxg4 Nxg4 87. Kf3 Ke5 88. Kxg4 Ke4 89. Kh3 f3 90. Kg3 Ke3 91. Kh2 f2 92. Kg2 Ke2 93. Kh2 f1=Q 0-1


[Site "https://www.chess.com"]

[Event "Titled Tuesday Blitz December 7 2021"]
[White "Materia, Marco"]
[Black "Zhuravleva, Olga"]
[WhiteFideId "45150451"]
[BlackFideId "4145933"]
[WhiteElo "2588"]
[BlackElo "2119"]
[Result "1-0"]
[Round "07"]
[TimeControl "180+1"]
[Date "2021.12.07"]
[WhiteClock "0:01:22"]
[BlackClock "0:00:04"]

1. d4 Nf6 2. c4 e6 3. Nf3 b6 4. g3 Bb7 5. Bg2 Bb4+ 6. Bd2 c5 7. Bxb4 cxb4 8. O-O O-O 9. Nbd2 d6 10. Re1 d5 11. Qc2 Nc6 12. Rad1 Rc8 13. Qb1 Qc7 14. b3 Rfd8 15. e4 dxc4 16. Nxc4 b5 17. Ne3 Qb6 18. e5 Ne8 19. d5 exd5 20. Nxd5 Qc5 21. Ng5 g6 22. e6 f5 23. Nf7 Nd4 24. Nxd8 Bxd5 25. Qb2 Nf3+ 26. Kf1 Rxd8 27. Bxf3 Bxf3 28. Rxd8 Bc6 29. Qf6 Qf8 30. Qxf8+ Kxf8 31. Rc1 Ke7 32. Rxc6 Kxd8 33. Ra6 Nc7 34. Rxa7 Nxe6 35. Rxh7 Nd4 36. h4 Nf3 37. Ke2 Ne5 38. Rb7 Nc6 39. Ke3 Kc8 40. Rxb5 Kc7 41. h5 gxh5 42. Rxf5 Kd7 43. Rxh5 Ke7 44. f4 Nd8 45. g4 Kf6 46. Rb5 Nf7 47. Rxb4 Kg6 48. Rb6+ Kg7 49. a4 Kf8 50. a5 Ke7 51. a6 Nd8 52. a7 Ne6 53. a8=Q 1-0


[Site "https://www.chess.com"]

[Event "Titled Tuesday Blitz December 7 2021"]
[White "Matinian, Nikita"]
[Black "Baskin, Robert"]
[WhiteFideId "24129100"]
[BlackFideId "24662402"]
[WhiteElo "2422"]
[BlackElo "2488"]
[Result "1-0"]
[Round "07"]
[TimeControl "180+1"]
[Date "2021.12.07"]
[WhiteClock "0:01:14"]
[BlackClock "0:00:18"]

1. e4 e5 2. Nf3 Nc6 3. Bb5 a6 4. Ba4 Nf6 5. d3 b5 6. Bb3 Bc5 7. c3 d6 8. Bg5 h6 9. Bh4 Bb6 10. Nbd2 g5 11. Bg3 Nh5 12. Nxe5 Nxg3 13. Nxc6 Qf6 14. d4 Nxh1 15. Qe2 Bb7 16. Bd5 O-O 17. f3 Rae8 18. O-O-O Bxc6 19. Bxc6 Re7 20. Rxh1 Qg6 21. g4 Qe6 22. Qd3 Qxa2 23. h4 f6 24. Bd5+ Qxd5 25. exd5 Kg7 26. h5 f5 27. gxf5 Ref7 28. Re1 Rxf5 29. Re6 R8f6 30. Rxf6 Rxf6 31. Ne4 Rf7 32. Nxd6 cxd6 33. Qg6+ 1-0


[Site "https://www.chess.com"]

[Event "Titled Tuesday Blitz December 7 2021"]
[White "Mezentsev, Ivan"]
[Black "Weetik, Vjacheslav"]
[WhiteFideId "13706195"]
[BlackFideId "4153472"]
[WhiteElo "2295"]
[BlackElo "2469"]
[Result "1-0"]
[Round "07"]
[TimeControl "180+1"]
[Date "2021.12.07"]
[WhiteClock "0:00:09"]
[BlackClock "0:00:02"]

1. e4 c6 2. d4 d5 3. exd5 cxd5 4. Bd3 Nc6 5. c3 Qc7 6. h3 g6 7. Nf3 Bf5 8. Be2 Nf6 9. O-O Bg7 10. Nbd2 O-O 11. Re1 Rab8 12. Nb3 Ne4 13. Be3 Rbd8 14. Qc1 f6 15. Nfd2 Nd6 16. Bf3 Be6 17. Nc5 Bf7 18. Nf1 e5 19. Bh6 e4 20. Be2 b6 21. Na6 Qe7 22. Bxg7 Kxg7 23. Ne3 f5 24. f4 Kh8 25. Rf1 Be6 26. a3 Na5 27. Qd1 Rg8 28. Nb4 Qf7 29. Kh1 Rg7 30. Qe1 Rdg8 31. Qh4 Nb3 32. Rad1 a5 33. Nc6 a4 34. Ne5 Qe7 35. Nxg6+ Rxg6 36. Qxe7 Bc8 37. Qh4 R8g7 38. g4 fxg4 39. f5 Rg5 40. f6 1-0


[Site "https://www.chess.com"]

[Event "Titled Tuesday Blitz December 7 2021"]
[White "Mikhailovsky, Vladimir"]
[Black "Nazari, Arad"]
[WhiteFideId "34105414"]
[BlackFideId "12577324"]
[WhiteElo "2409"]
[BlackElo "2119"]
[Result "0-1"]
[Round "07"]
[TimeControl "180+1"]
[Date "2021.12.07"]
[WhiteClock "0:00:05"]
[BlackClock "0:00:07"]

1. e4 c5 2. Nf3 d6 3. d4 cxd4 4. Qxd4 Nf6 5. Nc3 Nc6 6. Bb5 Bd7 7. Bxc6 Bxc6 8. Bg5 Qa5 9. O-O-O Rc8 10. Rhe1 h6 11. Bh4 g5 12. Bg3 Bg7 13. Qd2 Nd7 14. Nd4 Qc5 15. Qe3 O-O 16. Nf5 Qxe3+ 17. Rxe3 Rfe8 18. f3 Bf8 19. h4 Ne5 20. hxg5 hxg5 21. Rh1 e6 22. Nd4 Bg7 23. Ree1 a6 24. Rd1 Nc4 25. Bf2 Bd7 26. Nb3 Nxb2 27. Rxd6 Rxc3 28. Rxd7 Rec8 29. Bd4 Rxc2+ 30. Kb1 Bxd4 31. Nxd4 Rxg2 32. Rc1 Rxc1+ 33. Kxc1 Nd3+ 34. Kd1 b5 35. Nc6 Nb2+ 36. Ke1 Nc4 37. Nd8 Ne5 38. Ra7 Nxf3+ 39. Kf1 Rxa2 40. Nxf7 Nd2+ 41. Ke1 Nxe4 42. Nh6+ Kf8 43. Rf7+ Ke8 44. Rg7 Kd8 45. Nf7+ Kc8 46. Ne5 b4 47. Nc6 b3 48. Na7+ Kd8 49. Nc6+ Ke8 50. Re7+ Kf8 51. Rb7 Rb2 52. Nd4 Nc5 53. Rc7 Nd3+ 54. Kd1 Nf2+ 55. Ke1 Nd3+ 56. Kd1 Rh2 57. Nxe6+ Ke8 58. Ng7+ Kf8 59. Ne6+ Kg8 60. Rc8+ Kf7 61. Nxg5+ Kg6 62. Rg8+ Kf5 63. Nf3 b2 64. Rb8 Rh1+ 65. Kc2 Rc1+ 66. Kxd3 b1=Q+ 67. Rxb1 Rxb1 68. Nd4+ Kf6 69. Kc2 Rb8 70. Kc3 a5 71. Nb3 a4 72. Nd4 a3 73. Nc2 a2 74. Na1 Ke5 75. Nb3 Rxb3+ 76. Kxb3 a1=Q 0-1


[Site "https://www.chess.com"]

[Event "Titled Tuesday Blitz December 7 2021"]
[White "Mouhamad, Joachim"]
[Black "Barria Zuniga, Daniel"]
[WhiteFideId "656410"]
[BlackFideId "3400816"]
[WhiteElo "2207"]
[BlackElo "2414"]
[Result "0-1"]
[Round "07"]
[TimeControl "180+1"]
[Date "2021.12.07"]
[WhiteClock "0:00:05"]
[BlackClock "0:00:21"]

1. e4 g6 2. d4 Bg7 3. Nc3 c5 4. dxc5 Bxc3+ 5. bxc3 Nf6 6. Bd3 Qa5 7. Bd2 Qxc5 8. Nf3 O-O 9. e5 Ng4 10. Qe2 Nc6 11. O-O Ngxe5 12. Nxe5 Nxe5 13. c4 d6 14. h3 Be6 15. Be3 Qc6 16. Rab1 b6 17. Kh1 Bxc4 18. f4 Nxd3 19. cxd3 Be6 20. f5 Bxf5 21. Rxf5 gxf5 22. Bh6 e5 23. Qf2 d5 24. Bxf8 Rxf8 25. Qxf5 Re8 26. Rf1 Qe6 27. Qg5+ Qg6 28. Qe3 d4 29. Qd2 e4 30. dxe4 Rxe4 31. Kh2 h5 32. Rf3 h4 33. Rd3 Qd6+ 34. Kg1 Qe5 35. Kf2 Qf4+ 36. Qxf4 Rxf4+ 37. Ke2 Kg7 38. Ra3 a5 39. Rb3 Rf6 40. Rb5 Rg6 41. Kf3 Rg3+ 42. Kf2 Ra3 43. Rxb6 Rxa2+ 44. Kf3 a4 45. Rb4 d3 46. Rd4 d2 47. Ke2 a3 48. Kd1 Rb2 49. Ra4 a2 50. Ke2 d1=Q+ 51. Kxd1 Rb1+ 0-1


[Site "https://www.chess.com"]

[Event "Titled Tuesday Blitz December 7 2021"]
[White "Mustafayev, Farid"]
[Black "Krivonosov, Oleg"]
[WhiteFideId "13408771"]
[BlackFideId "11600349"]
[WhiteElo "2091"]
[BlackElo "2469"]
[Result "0-1"]
[Round "07"]
[TimeControl "180+1"]
[Date "2021.12.07"]
[WhiteClock "0:00:07"]
[BlackClock "0:00:08"]

1. d4 d5 2. c4 e6 3. Nc3 Be7 4. cxd5 exd5 5. Qc2 Nf6 6. Bg5 c6 7. e3 Nbd7 8. Bd3 Nh5 9. Bxe7 Qxe7 10. Nf3 Nf4 11. Bf1 g6 12. g3 Nh5 13. Bg2 Nb6 14. O-O Bf5 15. Qe2 Nf6 16. Ne5 Nbd7 17. f4 h5 18. h3 Ne4 19. Bxe4 Bxe4 20. Nxe4 dxe4 21. Qg2 Nf6 22. g4 hxg4 23. hxg4 O-O-O 24. g5 Nd5 25. Qg3 Qe6 26. Kg2 Ne7 27. Rh1 Nf5 28. Qf2 Kb8 29. b3 c5 30. Rxh8 Rxh8 31. dxc5 Nh4+ 32. Kf1 Qh3+ 33. Ke2 Nf3 34. Nxf7 Qd7 35. Nd6 Rh2 36. Nxe4 Rxf2+ 37. Nxf2 Nh4 38. Rd1 Qb5+ 39. Nd3 Qd7 40. Rg1 Qh3 41. Nf2 Qh2 42. Rd1 Nf5 43. Rd5 Qg3 44. Re5 Qg2 45. b4 Ng3+ 46. Kd3 Qxf2 0-1


[Site "https://www.chess.com"]

[Event "Titled Tuesday Blitz December 7 2021"]
[White "Myshakov, Fyodor"]
[Black "Begmuratov, Khumoyun"]
[WhiteFideId "14111284"]
[BlackFideId "14210207"]
[WhiteElo "2310"]
[BlackElo "1961"]
[Result "1-0"]
[Round "07"]
[TimeControl "180+1"]
[Date "2021.12.07"]
[WhiteClock "0:00:04"]
[BlackClock "0:00:03"]

1. c4 Nf6 2. Nc3 g6 3. Nf3 Bg7 4. g3 O-O 5. Bg2 d5 6. cxd5 Nxd5 7. O-O c5 8. Nxd5 Qxd5 9. d3 Nc6 10. a3 Qd6 11. Qc2 b6 12. Bf4 Qf6 13. Ne5 Nd4 14. Qd1 Rb8 15. Nxf7 Rb7 16. Ng5 e5 17. Ne4 Qe6 18. Be3 Rc7 19. Bxd4 exd4 20. Qc2 Re7 21. Rae1 Bb7 22. Ng5 Qf5 23. Qc4+ Kh8 24. Bxb7 Rxb7 25. Ne6 Re8 26. Nxg7 Kxg7 27. e4 Qd7 28. f4 Rc7 29. f5 gxf5 30. Rxf5 Qxf5 31. exf5 Rxe1+ 32. Kg2 Rce7 33. Qd5 R1e5 34. Qf3 Rf7 35. g4 h5 36. h3 hxg4 37. hxg4 Re3 38. Qf4 Rxd3 39. Qg5+ Kf8 40. Qh6+ Ke8 41. Qe6+ Re7 42. Qg8+ Kd7 43. Qd5+ Kc7 44. f6 Re2+ 45. Kf1 Rxb2 46. Qe5+ Kd8 47. Qd5+ Kc7 48. Qe5+ Kd8 49. Qe7+ Kc8 50. Qe6+ Kb8 51. Qe5+ Kc8 52. Qf5+ Kd8 53. Qxd3 c4 54. Qxd4+ 1-0


[Site "https://www.chess.com"]

[Event "Titled Tuesday Blitz December 7 2021"]
[White "Nenezic, Marko"]
[Black "Atakhan, Abtin"]
[WhiteFideId "912123"]
[BlackFideId "22502203"]
[WhiteElo "2484"]
[BlackElo "2119"]
[Result "1-0"]
[Round "07"]
[TimeControl "180+1"]
[Date "2021.12.07"]
[WhiteClock "0:00:30"]
[BlackClock "0:00:12"]

1. d4 Nf6 2. c4 e6 3. Nf3 d5 4. g3 Bb4+ 5. Bd2 a5 6. Qc2 c6 7. Bg2 O-O 8. O-O Be7 9. Bf4 a4 10. Nc3 Nbd7 11. Nd2 Qa5 12. e4 dxc4 13. Nxc4 Qa6 14. Bd6 Re8 15. Bxe7 Qxc4 16. Bxf6 Nxf6 17. Rfd1 e5 18. dxe5 Rxe5 19. Rd8+ Re8 20. Rad1 Bg4 21. R1d4 Qc5 22. Rxa8 Rxa8 23. Qd2 h5 24. h3 Be6 25. Nxa4 Qe7 26. b3 b5 27. Nc3 c5 28. Rd6 b4 29. Na4 Rxa4 30. bxa4 Bxa2 31. e5 Ne8 32. Qxa2 Nxd6 33. exd6 Qxd6 34. Bd5 Kh7 35. a5 h4 36. g4 Qe5 37. a6 c4 38. Qxc4 b3 39. Qe4+ 1-0


[Site "https://www.chess.com"]

[Event "Titled Tuesday Blitz December 7 2021"]
[White "Nilsen, Tobias Lang"]
[Black "Silich, Yahor"]
[WhiteFideId "1521624"]
[BlackFideId "13513656"]
[WhiteElo "1979"]
[BlackElo "2070"]
[Result "1-0"]
[Round "07"]
[TimeControl "180+1"]
[Date "2021.12.07"]
[WhiteClock "0:00:15"]
[BlackClock "0:00:08"]

1. d4 Nf6 2. c4 g6 3. Nf3 Bg7 4. g3 O-O 5. Bg2 d6 6. O-O Nbd7 7. Nc3 e5 8. dxe5 dxe5 9. Rb1 c6 10. b3 Qe7 11. Bb2 a5 12. Qc1 Nc5 13. Ba3 Bf5 14. Na4 Nfd7 15. Rd1 Bxb1 16. Rxd7 Qxd7 17. Nxc5 Qf5 18. e4 Bxe4 19. Nh4 Qc8 20. Nxe4 Rd8 21. c5 Qd7 22. Nd6 Rab8 23. Nf3 h6 24. Bf1 b5 25. Bb2 Qe6 26. a4 Qxb3 27. Bxe5 Qxf3 28. Bf4 Bd4 29. Qc2 Kg7 30. Bg2 Qg4 31. Bxc6 bxa4 32. Qc4 Bf6 33. Qxf7+ Kh8 34. Qxf6+ Kh7 35. Qf7+ Kh8 36. Be5# 1-0


[Site "https://www.chess.com"]

[Event "Titled Tuesday Blitz December 7 2021"]
[White "Nozdrachev, Leonid"]
[Black "Rasulov, Vugar"]
[WhiteFideId "24113433"]
[BlackFideId "13402390"]
[WhiteElo "2124"]
[BlackElo "2560"]
[Result "0-1"]
[Round "07"]
[TimeControl "180+1"]
[Date "2021.12.07"]
[WhiteClock "0:00:03"]
[BlackClock "0:01:38"]

1. e4 a5 2. d4 a4 3. Nf3 d6 4. Bc4 Nf6 5. Nc3 a3 6. O-O axb2 7. Bxb2 e6 8. e5 Nfd7 9. d5 Nxe5 10. Nxe5 dxe5 11. dxe6 Bxe6 12. Bxe6 Qxd1 13. Rfxd1 fxe6 14. Nb5 Na6 15. Bxe5 c6 16. Nd6+ Bxd6 17. Rxd6 Ke7 18. Rad1 Rhd8 19. Rxd8 Rxd8 20. Rxd8 Kxd8 21. Bxg7 Nb4 22. c3 Nxa2 23. Kf1 Nc1 24. Bh6 Nb3 25. Be3 Ke7 26. Ke2 e5 27. Kd3 b5 28. g4 Ke6 29. h4 Na5 30. Ke4 Nc4 31. g5 Nd6+ 32. Kf3 Kf5 33. h5 Nf7 34. g6 hxg6 35. hxg6 Kxg6 36. Ke4 Kf6 37. f4 Nd6+ 38. Kd3 e4+ 39. Kd4 Kf5 40. Kc5 Nc4 41. Bd4 Na5 42. Kb6 Nb3 43. Be3 Na1 44. Kxc6 Nc2 45. Bc1 b4 46. cxb4 Nxb4+ 47. Kb5 Nd3 48. Be3 Kg4 49. Kc4 Kf3 50. Bd4 Nxf4 51. Ba7 Ng6 52. Kc3 Ne5 53. Kd2 Nc4+ 54. Ke1 Ne3 55. Bd4 Nc2+ 56. Kd2 Nxd4 57. Ke1 e3 58. Kf1 e2+ 59. Ke1 Nc2+ 0-1


[Site "https://www.chess.com"]

[Event "Titled Tuesday Blitz December 7 2021"]
[White "Obolentseva, Alexandra"]
[Black "Leiva, Gianmarco"]
[WhiteFideId "24153648"]
[BlackFideId "3804399"]
[WhiteElo "2113"]
[BlackElo "2328"]
[Result "0-1"]
[Round "07"]
[TimeControl "180+1"]
[Date "2021.12.07"]
[WhiteClock "0:00:19"]
[BlackClock "0:00:03"]

1. d4 Nf6 2. c4 e6 3. Nc3 Bb4 4. Qc2 O-O 5. a3 Bxc3+ 6. Qxc3 d5 7. Bg5 c5 8. dxc5 d4 9. Qc2 e5 10. O-O-O Nbd7 11. e3 Nxc5 12. exd4 exd4 13. Nf3 Qb6 14. Nxd4 Bg4 15. f3 Bh5 16. Nf5 Bg6 17. Ne7+ Kh8 18. Nxg6+ hxg6 19. b4 Ne6 20. Bxf6 gxf6 21. c5 Qc7 22. Bc4 Rfe8 23. Bxe6 Rxe6 24. Rhe1 Rxe1 25. Rxe1 a5 26. Kb2 Kg7 27. Qc3 Qxh2 28. Re2 axb4 29. axb4 Qg1 30. Kb3 Qd1+ 31. Rc2 Ra1 32. Kc4 Rb1 33. Rd2 Qa4 34. Rb2 Qa6+ 35. Kd4 Rd1+ 36. Ke3 Qe6+ 37. Kf2 Rd5 38. Re2 Qd7 39. Qc4 Rd4 40. Qc3 Rd3 41. Qc4 Rd4 42. Qc3 Qd5 43. Rb2 Rd3 44. Qc2 Qd4+ 45. Kg3 g5 46. Qe2 Qh4# 0-1


[Site "https://www.chess.com"]

[Event "Titled Tuesday Blitz December 7 2021"]
[White "Orlov, Georgi"]
[Black "Sanchez, Robert"]
[WhiteFideId "2011271"]
[BlackFideId "2034360"]
[WhiteElo "2502"]
[BlackElo "2349"]
[Result "0-1"]
[Round "07"]
[TimeControl "180+1"]
[Date "2021.12.07"]
[WhiteClock "0:00:06"]
[BlackClock "0:00:05"]

1. d4 Nf6 2. Nf3 e6 3. c4 Bb4+ 4. Bd2 a5 5. Nc3 O-O 6. Qc2 d6 7. a3 Bxc3 8. Bxc3 Nbd7 9. O-O-O a4 10. e3 Qe7 11. g4 Nxg4 12. Bd3 Ngf6 13. Rhg1 e5 14. Ng5 h6 15. Ne4 Nxe4 16. Bxe4 Nf6 17. Bf5 Bxf5 18. Qxf5 Rfe8 19. Qf3 Qe6 20. Qg3 g6 21. Qh4 Kh7 22. Rg3 Nh5 23. Rf3 f5 24. d5 Qf7 25. Qh3 c6 26. dxc6 bxc6 27. Rxd6 Rad8 28. Rxc6 Qd7 29. Rc7 Qxc7 30. Qf1 Qd7 31. Rh3 Qd3 32. Qxd3 Rxd3 33. Kc2 e4 34. c5 Rc8 35. Bd4 Kg8 36. f3 Kf7 37. fxe4 fxe4 38. Rh4 Re8 39. Rg4 g5 40. Rg2 Nf6 41. Rf2 Re6 42. Rf5 Kg6 43. Rf3 exf3 44. Kxd3 Ne4 45. c6 f2 46. Ke2 f1=Q+ 47. Kxf1 Rxc6 48. Ke2 Kf5 49. Kd3 h5 50. h3 g4 51. hxg4+ hxg4 52. Ba7 g3 53. Ke2 Kg4 54. Bb8 Rc2+ 55. Kd3 Rxb2 56. Bxg3 Nxg3 57. e4 Rb3+ 0-1


[Site "https://www.chess.com"]

[Event "Titled Tuesday Blitz December 7 2021"]
[White "Ozen, Bahadir"]
[Black "Gontcharov, Vladislav"]
[WhiteFideId "6337058"]
[BlackFideId "4123492"]
[WhiteElo "2503"]
[BlackElo "2503"]
[Result "1/2-1/2"]
[Round "07"]
[TimeControl "180+1"]
[Date "2021.12.07"]
[WhiteClock "0:00:14"]
[BlackClock "0:00:13"]

1. Nf3 Nf6 2. e3 g6 3. Be2 Bg7 4. O-O O-O 5. d4 c5 6. dxc5 Qc7 7. a3 Qxc5 8. b4 Qc7 9. Bb2 a5 10. c4 axb4 11. axb4 Rxa1 12. Bxa1 d6 13. Nc3 Bg4 14. Nb5 Qc8 15. Qb3 Nc6 16. h3 Bd7 17. Rd1 Ne8 18. Bxg7 Nxg7 19. c5 dxc5 20. bxc5 Ne6 21. Qc3 Nb8 22. Rc1 Na6 23. Qb2 Naxc5 24. Nbd4 Qb8 25. Rb1 Rc8 26. Nxe6 Bxe6 27. Nd4 Bd5 28. Qb5 Qd6 29. Rc1 b6 30. Rb1 Nd7 31. Rd1 Nf6 32. Rb1 h5 33. Bf1 Rb8 34. Ne2 Kg7 35. Qb2 b5 36. Rd1 Qc6 37. Nd4 Qa8 38. Nxb5 Bc6 39. Qe5 Bxb5 40. Bxb5 Rb6 41. Be2 Qa2 42. Bf3 Rb2 43. Rf1 Rb1 44. Rxb1 Qxb1+ 45. Kh2 Qb4 46. g3 Qa3 47. Kg2 Kg8 48. Qb8+ Kg7 49. Qe5 Kg8 50. g4 hxg4 51. hxg4 Qa7 52. Kg3 Qd7 53. Qb8+ Kg7 54. Qe5 Kg8 55. Be2 Ne8 56. Bc4 Nd6 57. Bd5 Qa7 58. Bf3 Qc7 59. Kg2 Qa7 60. Bd5 Qc7 61. Bf3 Qa7 62. Kh3 Qc7 63. Kg2 1/2-1/2


[Site "https://www.chess.com"]

[Event "Titled Tuesday Blitz December 7 2021"]
[White "Pakleza, Zbigniew"]
[Black "Koellner, Ruben Gideon"]
[WhiteFideId "1119290"]
[BlackFideId "12993093"]
[WhiteElo "2526"]
[BlackElo "2574"]
[Result "1-0"]
[Round "07"]
[TimeControl "180+1"]
[Date "2021.12.07"]
[WhiteClock "0:00:14"]
[BlackClock "0:00:11"]

1. d4 d6 2. Nf3 Nf6 3. Bf4 g6 4. e3 Bg7 5. h3 O-O 6. Be2 Nc6 7. O-O Nd7 8. Bh2 e5 9. c3 h6 10. b4 a6 11. Nbd2 f5 12. a4 f4 13. b5 axb5 14. axb5 Rxa1 15. Qxa1 Ne7 16. e4 g5 17. Rd1 Qe8 18. Qa5 b6 19. Qa7 Qd8 20. Nc4 Ng6 21. Ne1 Kh7 22. Nc2 Nf6 23. f3 Qe7 24. Kf1 h5 25. dxe5 dxe5 26. Nb4 Qf7 27. Nc6 Re8 28. Rd8 g4 29. hxg4 hxg4 30. Rxe8 Nxe8 31. Bg1 Be6 32. Nd8 Qd7 33. Nxe6 Qxe6 34. fxg4 Ne7 35. Qa8 Nc8 36. Qd5 Qxd5 37. exd5 Ned6 38. Nxd6 Nxd6 39. c4 Nb7 40. Bd3+ Kh6 41. Ke2 Bf8 42. g3 Bc5 43. Bxc5 Nxc5 44. gxf4 exf4 45. Bf5 Kg5 46. Kf3 Nb7 47. Bd3 Nd6 48. Be2 Nf7 49. Ke4 Nd6+ 50. Ke5 Nf7+ 51. Ke6 Kg6 52. Kd7 f3 53. Bxf3 Ne5+ 54. Kxc7 Nxc4 55. d6 Ne5 56. d7 Nxd7 57. Kxd7 Kg5 58. Kc6 Kf4 59. Bd1 Ke3 60. Kxb6 Kd2 61. Kc6 Kxd1 62. b6 Kc2 63. g5 Kd3 64. g6 Kd2 65. g7 Kc3 66. g8=Q 1-0


[Site "https://www.chess.com"]